TOP OF THE 1ST |
Durham Rapiers batting - Pitching for Casper Ghosts : RHP José Vega
|
Pitching: RHP José Vega
|
|
Batting: RHB Esteban Garza
|
0-0: Foul Ball, location: 2F 0-1: Ball 1-1: Foul Ball, location: 2F 1-2: Foul Ball, location: 2F 1-2: Ball 2-2: Foul Ball, location: 2F 2-2: Ball 3-2: Base on Balls
|
Batting: LHB Evan Nelson
|
0-0: Called Strike 0-1: Ball 1-1: Ball 2-1: Ball 3-1: Base on Balls Esteban Garza to second
|
Batting: RHB Luis Tapia
|
Balk! Esteban Garza to third Evan Nelson to second 0-0: Called Strike 0-1: Ball 1-1: SINGLE (Line Drive, 56) Esteban Garza scores Evan Nelson to third
|
Batting: RHB Harrison Blackford
|
0-0: Foul Ball, location: 2F 0-1: Fly out, F4 (Line Drive, 4)
|
Batting: SHB Kunimichi Chikafuji
|
0-0: Swinging Strike 0-1: SINGLE (Groundball, 4M) Evan Nelson scores Luis Tapia to second
|
Batting: RHB Caleb Lee
|
0-0: Ball 1-0: Ball 2-0: Ball 3-0: Called Strike 3-1: Called Strike 3-2: Foul Ball, location: 2F 3-2: Grounds into double play, U4-3 (Groundball, 4)
|
Top of the 1st over - 2 run(s), 2 hit(s), 0 error(s), 1 left on base; Durham 2 - Casper 0 |
BOTTOM OF THE 1ST |
Casper Ghosts batting - Pitching for Durham Rapiers : LHP David Cole
|
Pitching: LHP David Cole
|
|
Batting: SHB Tim Fowler
|
0-0: Ball 1-0: Ball 2-0: Ball 3-0: Base on Balls
|
Batting: RHB Warner Robinson
|
0-0: Ball 1-0: Called Strike 1-1: Ball 2-1: DOUBLE (Flyball, 8LM) Tim Fowler to third
|
Batting: RHB Phil Baker
|
0-0: Ball 1-0: Called Strike 1-1: Ball 2-1: 3-RUN HOME RUN (Flyball, 8LXD), Distance : 448 ft
|
Batting: RHB Ron Coffman
|
0-0: Ball 1-0: Ball 2-0: Ball 3-0: Base on Balls
|
Batting: SHB Erjan Kerstens
|
0-0: Called Strike 0-1: SINGLE (Groundball, 56D) Ron Coffman to second
|
Batting: RHB Anbrosio Oppenes
|
0-0: Ball 1-0: Ball 2-0: Foul Ball, location: 2F 2-1: Ball 3-1: Swinging Strike 3-2: Strikes out swinging
|
Batting: LHB Kyle Mann
|
0-0: Called Strike 0-1: Fly out, F7 (Flyball, 78S)
|
Batting: RHB Roberto De La Cruz
|
0-0: Ball 1-0: Called Strike 1-1: Called Strike 1-2: Strikes out swinging
|
Bottom of the 1st over - 3 run(s), 3 hit(s), 0 error(s), 2 left on base; Durham 2 - Casper 3 |
TOP OF THE 2ND |
Durham Rapiers batting - Pitching for Casper Ghosts : RHP José Vega
|
Batting: RHB Kevin Sanderson
|
0-0: Swinging Strike 0-1: Ball 1-1: Foul Ball, location: 2F 1-2: Ground out 1-3 (Groundball, 15S)
|
Batting: SHB Juan Blanco
|
0-0: Ball 1-0: Ball 2-0: Called Strike 2-1: Swinging Strike 2-2: Strikes out swinging
|
Batting: LHB Mitchell Hansen
|
0-0: Called Strike 0-1: Ball 1-1: Ball 2-1: Ball 3-1: Ground out 6-3 (Groundball, 6)
|
Top of the 2nd over - 0 run(s), 0 hit(s), 0 error(s), 0 left on base; Durham 2 - Casper 3 |
BOTTOM OF THE 2ND |
Casper Ghosts batting - Pitching for Durham Rapiers : LHP David Cole
|
Batting: LHB Harrison Jones
|
0-0: Ball 1-0: Swinging Strike 1-1: Ball 2-1: Fly out, F7 (Flyball, 7M)
|
Batting: SHB Tim Fowler
|
0-0: Ball 1-0: Ball 2-0: Called Strike 2-1: Fly out, F8 (Flyball, 8LM)
|
Batting: RHB Warner Robinson
|
0-0: Ball 1-0: Ball 2-0: Ball 3-0: Called Strike 3-1: Foul Ball, location: 2F 3-2: Ground out 4-3 (Groundball, 4)
|
Bottom of the 2nd over - 0 run(s), 0 hit(s), 0 error(s), 0 left on base; Durham 2 - Casper 3 |
TOP OF THE 3RD |
Durham Rapiers batting - Pitching for Casper Ghosts : RHP José Vega
|
Batting: RHB Esteban Garza
|
0-0: Foul Ball, location: 2F 0-1: Bunted foul 0-2: Ball 1-2: Strikes out looking
|
Batting: LHB Evan Nelson
|
0-0: Fly out, F8 (Flyball, 8RM)
|
Batting: RHB Luis Tapia
|
0-0: Ball 1-0: Ground out 5-3 (Groundball, 5)
|
Top of the 3rd over - 0 run(s), 0 hit(s), 0 error(s), 0 left on base; Durham 2 - Casper 3 |
BOTTOM OF THE 3RD |
Casper Ghosts batting - Pitching for Durham Rapiers : LHP David Cole
|
Batting: RHB Phil Baker
|
0-0: Ball 1-0: Foul Ball, location: 2F 1-1: Foul Ball, location: 2F 1-2: SINGLE (Groundball, 56D)
|
Batting: RHB Ron Coffman
|
0-0: Foul Ball, location: 2F 0-1: Ball 1-1: Ball 2-1: Foul Ball, location: 2F 2-2: Ball 3-2: Grounds into double play, 6-4-3 (Groundball, 6M)
|
Batting: SHB Erjan Kerstens
|
0-0: Fly out, F9 (Flyball, 9M)
|
Bottom of the 3rd over - 0 run(s), 1 hit(s), 0 error(s), 0 left on base; Durham 2 - Casper 3 |
TOP OF THE 4TH |
Durham Rapiers batting - Pitching for Casper Ghosts : RHP José Vega
|
Batting: RHB Harrison Blackford
|
0-0: Foul Ball, location: 2F 0-1: Ball 1-1: Fly out, F8 (Flyball, 8RM)
|
Batting: SHB Kunimichi Chikafuji
|
0-0: Called Strike 0-1: SINGLE (Groundball, 34D)
|
Batting: RHB Caleb Lee
|
0-0: Ball 1-0: Grounds into double play, 5-4-3 (Groundball, 56)
|
Top of the 4th over - 0 run(s), 1 hit(s), 0 error(s), 0 left on base; Durham 2 - Casper 3 |
BOTTOM OF THE 4TH |
Casper Ghosts batting - Pitching for Durham Rapiers : LHP David Cole
|
Batting: RHB Anbrosio Oppenes
|
0-0: Ball 1-0: SOLO HOME RUN (Flyball, 7D), Distance : 391 ft
|
Batting: LHB Kyle Mann
|
0-0: Called Strike 0-1: Swinging Strike 0-2: Strikes out looking
|
Batting: RHB Roberto De La Cruz
|
0-0: Called Strike 0-1: DOUBLE (Line Drive, 78M)
|
Batting: LHB Harrison Jones
|
0-0: Ground out 5-3 (Groundball, 5)
|
Batting: SHB Tim Fowler
|
0-0: Ball 1-0: Ball 2-0: Foul Ball, location: 2F 2-1: Swinging Strike 2-2: Strikes out looking
|
Bottom of the 4th over - 1 run(s), 2 hit(s), 0 error(s), 1 left on base; Durham 2 - Casper 4 |
TOP OF THE 5TH |
Durham Rapiers batting - Pitching for Casper Ghosts : RHP José Vega
|
Batting: RHB Kevin Sanderson
|
0-0: Ball 1-0: Called Strike 1-1: Called Strike 1-2: Ball 2-2: Strikes out swinging
|
Batting: SHB Juan Blanco
|
0-0: Called Strike 0-1: Foul Ball, location: 2F 0-2: Ball 1-2: Foul Ball, location: 2F 1-2: Strikes out swinging
|
Batting: LHB Mitchell Hansen
|
0-0: SINGLE (Flyball, 78S)
|
Batting: RHB Esteban Garza
|
0-0: Ball 1-0: Foul Ball, location: 2F 1-1: Ball 2-1: Foul Ball, location: 2F 2-2: Ball 3-2: Ground out 4-3 (Groundball, 4M)
|
Top of the 5th over - 0 run(s), 1 hit(s), 0 error(s), 1 left on base; Durham 2 - Casper 4 |
BOTTOM OF THE 5TH |
Casper Ghosts batting - Pitching for Durham Rapiers : LHP David Cole
|
Batting: RHB Warner Robinson
|
0-0: Ball 1-0: Foul Ball, location: 2F 1-1: Ground out 4-3 (Groundball, 4M)
|
Batting: RHB Phil Baker
|
0-0: Called Strike 0-1: Ball 1-1: Swinging Strike 1-2: Ball 2-2: Foul Ball, location: 2F 2-2: Strikes out swinging
|
Batting: RHB Ron Coffman
|
0-0: Called Strike 0-1: Foul Ball, location: 2F 0-2: Ball 1-2: Foul Ball, location: 2F 1-2: Foul Ball, location: 2F 1-2: Ball 2-2: SINGLE (Flyball, 9S)
|
Batting: SHB Erjan Kerstens
|
0-0: Ball 1-0: Ball 2-0: Ball 3-0: Base on Balls Ron Coffman to second
|
Batting: RHB Anbrosio Oppenes
|
0-0: Called Strike 0-1: Ground out 5-3 (Groundball, 5S)
|
Bottom of the 5th over - 0 run(s), 1 hit(s), 0 error(s), 2 left on base; Durham 2 - Casper 4 |
TOP OF THE 6TH |
Durham Rapiers batting - Pitching for Casper Ghosts : RHP José Vega
|
Batting: LHB Evan Nelson
|
0-0: Ball 1-0: Ball 2-0: Ball 3-0: Called Strike 3-1: Base on Balls
|
Batting: RHB Luis Tapia
|
0-0: Called Strike 0-1: Foul Ball, location: 2F 0-2: Ball 1-2: Ball 2-2: Foul Ball, location: 2F 2-2: Ball 3-2: Base on Balls Evan Nelson to second
|
Batting: RHB Harrison Blackford
|
0-0: Ball 1-0: SINGLE (Line Drive, 6D) Evan Nelson to third Luis Tapia to second
|
Batting: SHB Kunimichi Chikafuji
|
0-0: Called Strike 0-1: Ball 1-1: Fielders Choice at 2nd, 3-6 (Groundball, 34) Evan Nelson scores Luis Tapia to third
|
Batting: RHB Caleb Lee
|
0-0: Ball Kunimichi Chikafuji is caught stealing 2nd base 1-0: Ball 2-0: Ball 3-0: Base on Balls
|
Pitching: LHP Jeffrey Brown
|
|
Batting: RHB Kevin Sanderson
|
0-0: Ball 1-0: Ball 2-0: Ball 3-0: Called Strike 3-1: Foul Ball, location: 2F 3-2: Base on Balls Caleb Lee to second
|
Batting: SHB Juan Blanco
|
0-0: Called Strike 0-1: Foul Ball, location: 2F 0-2: Foul Ball, location: 2F 0-2: Strikes out swinging
|
Top of the 6th over - 1 run(s), 1 hit(s), 0 error(s), 3 left on base; Durham 3 - Casper 4 |
BOTTOM OF THE 6TH |
Casper Ghosts batting - Pitching for Durham Rapiers : LHP David Cole
|
Batting: LHB Kyle Mann
|
0-0: Foul Ball, location: 2F 0-1: Called Strike 0-2: Strikes out swinging
|
Batting: RHB Roberto De La Cruz
|
0-0: Called Strike 0-1: Ball 1-1: Swinging Strike 1-2: Ball 2-2: Ball 3-2: Base on Balls
|
Pitching: RHP Manuel Delgado
|
|
Batting: LHB Harrison Jones
|
0-0: Ball 1-0: Ball 2-0: Called Strike 2-1: Called Strike 2-2: Ball 3-2: Foul Ball, location: 2F 3-2: Fielders Choice at 2nd, 6-4 (Groundball, 6M)
|
Batting: SHB Tim Fowler
|
0-0: SINGLE (Groundball, 34D) Harrison Jones to second Runner from 2nd tries for 3rd, SAFE, no throw or cutoff
|
Batting: RHB Warner Robinson
|
0-0: Swinging Strike 0-1: Ball 1-1: Ball 2-1: Called Strike Tim Fowler is caught stealing 2nd base
|
Bottom of the 6th over - 0 run(s), 1 hit(s), 0 error(s), 0 left on base; Durham 3 - Casper 4 |
TOP OF THE 7TH |
Durham Rapiers batting - Pitching for Casper Ghosts : LHP Jeffrey Brown
|
Batting: LHB Mitchell Hansen
|
0-0: DOUBLE (Flyball, 7LD)
|
Batting: RHB Esteban Garza
|
0-0: Ball 1-0: Ball 2-0: Ball 3-0: Called Strike 3-1: Sac Bunt - play at first, batter OUT! 3-4 Mitchell Hansen to third
|
Pinch Hitting: RHB Júlio Cruz
|
0-0: Ground out 5-3 (Groundball, 6)
|
Batting: RHB Luis Tapia
|
0-0: Foul Ball, location: 2F 0-1: Ball 1-1: Foul Ball, location: 2F 1-2: Ball 2-2: Ball 3-2: Foul Ball, location: 2F 3-2: Strikes out swinging
|
Top of the 7th over - 0 run(s), 1 hit(s), 0 error(s), 1 left on base; Durham 3 - Casper 4 |
BOTTOM OF THE 7TH |
Casper Ghosts batting - Pitching for Durham Rapiers : RHP Manuel Delgado
|
Now in RF: Júlio Cruz
|
|
Batting: RHB Warner Robinson
|
0-0: Called Strike 0-1: Ball 1-1: Called Strike 1-2: Foul Ball, location: 2F 1-2: Ball 2-2: Strikes out swinging
|
Batting: RHB Phil Baker
|
0-0: Called Strike 0-1: Called Strike 0-2: Ball 1-2: Foul Ball, location: 2F 1-2: Foul Ball, location: 2F 1-2: Foul Ball, location: 2F 1-2: Foul Ball, location: 2F 1-2: Ball 2-2: Ground out 4-3 (Groundball, 4)
|
Batting: RHB Ron Coffman
|
0-0: Ball 1-0: Ball 2-0: Called Strike 2-1: Foul Ball, location: 2F 2-2: Strikes out swinging
|
Bottom of the 7th over - 0 run(s), 0 hit(s), 0 error(s), 0 left on base; Durham 3 - Casper 4 |
TOP OF THE 8TH |
Durham Rapiers batting - Pitching for Casper Ghosts : LHP Jeffrey Brown
|
Pitching: RHP Anthony Snyder
|
|
Batting: RHB Harrison Blackford
|
0-0: Ground out 5-3 (Groundball, 5S)
|
Batting: SHB Kunimichi Chikafuji
|
0-0: Ball 1-0: Fly out, F4 (Line Drive, 4)
|
Batting: RHB Caleb Lee
|
0-0: Foul Ball, location: 2F 0-1: Swinging Strike 0-2: Ball 1-2: Strikes out looking
|
Top of the 8th over - 0 run(s), 0 hit(s), 0 error(s), 0 left on base; Durham 3 - Casper 4 |
BOTTOM OF THE 8TH |
Casper Ghosts batting - Pitching for Durham Rapiers : RHP Manuel Delgado
|
Batting: SHB Erjan Kerstens
|
0-0: Ball 1-0: Ball 2-0: Ball 3-0: Base on Balls
|
Batting: RHB Anbrosio Oppenes
|
0-0: Ball 1-0: Reached on error, E1 (Groundball, 13) Erjan Kerstens to third
|
Batting: LHB Kyle Mann
|
0-0: Intentional Walk
|
Pinch Hitting: SHB José Juárez
|
0-0: Called Strike 0-1: Ball 1-1: Ball 2-1: Foul Ball, location: 2F 2-2: Grounds into double play, 4-2-3 (Groundball, 4) Anbrosio Oppenes to third Kyle Mann to second
|
Pitching: LHP Jeremy Petty
|
|
Batting: LHB Harrison Jones
|
0-0: Called Strike 0-1: Foul Ball, location: 2F 0-2: Ball 1-2: Foul Ball, location: 2F 1-2: Ball 2-2: DOUBLE (Line Drive, 7LM) Anbrosio Oppenes scores Kyle Mann scores
|
Batting: SHB Tim Fowler
|
0-0: Called Strike 0-1: Ball 1-1: Swinging Strike 1-2: Strikes out looking
|
Bottom of the 8th over - 2 run(s), 1 hit(s), 1 error(s), 1 left on base; Durham 3 - Casper 6 |
TOP OF THE 9TH |
Durham Rapiers batting - Pitching for Casper Ghosts : RHP Anthony Snyder
|
Pitching: LHP Ray Neely
|
|
Now at 3B: Dave Young
|
|
Batting: RHB Kevin Sanderson
|
0-0: Foul Ball, location: 2F 0-1: Fly out, F9 (Flyball, 9LS)
|
Batting: SHB Juan Blanco
|
0-0: Ball 1-0: Ground out 5-3 (Groundball, 15S)
|
Batting: LHB Mitchell Hansen
|
0-0: Called Strike 0-1: Ball 1-1: Foul Ball, location: 2F 1-2: DOUBLE (Line Drive, 7LM)
|
Batting: RHB Esteban Garza
|
0-0: Ball 1-0: Ball 2-0: Called Strike 2-1: Ball 3-1: Called Strike 3-2: Fly out, F9 (Flyball, 89XD)
|
Top of the 9th over - 0 run(s), 1 hit(s), 0 error(s), 1 left on base; Durham 3 - Casper 6 |
|